 Dungeon Crawl Stone Soup version 0.23.2-40-g277498a001 (webtiles) character file.

Game seed: 2152889590135777189

333 H0rd4k the Charlatan (level 6, 0/44 HPs)
             Began as a Human Artificer on Aug 23, 2019.
             Succumbed to an adder's poison
             ... in a sewer.
             The game lasted 00:08:56 (3976 turns).

H0rd4k the Charlatan (Human Artificer)              Turns: 3976, Time: 00:08:57

Health: 0/44       AC:  4    Str: 12 (15) XL:     6   Next: 82%
Magic:  8/8        EV: 12    Int:  8 (11) God:
Gold:   165        SH:  0    Dex: 12 (13) Spells: 4/5 levels left

rFire    + . .     SeeInvis .   z - +1 falchion
rCold    + + .     Gourm    .   (no shield)
rNeg     . . .     Faith    .   v - +1 leather armour {MR+}
rPois    .         Spirit   .   (no helmet)
rElec    .         Reflect  .   y - scarf {rC+ rF+}
rCorr    .         Harm     .   (no gloves)
MR       ++...                  (no boots)
Stlth    ++........             (no amulet)
HPRegen  0.00/turn              A - ring of protection from fire
MPRegen  0.11/turn              p - ring of ice

@: lethally poisoned (0 -> -14), lightly drained
A: low mp 1, magic resistance 1, inhibited regeneration
a: no special abilities


You were in a sewer.
You were not hungry.

You visited 1 branch of the dungeon, and saw 4 of its levels.
You also visited: Sewer.

You collected 165 gold pieces.

Inventory:

Hand Weapons
 a - a +0 short sword
 z - a +1 falchion (weapon)
Armour
 b - a +0 leather armour
 v - a +1 leather armour of magic resistance (worn)
 y - a scarf of resistance (worn)
Jewellery
 p - a ring of ice (right hand)
 u - an uncursed ring of stealth
 w - an uncursed ring of wizardry
 A - a ring of protection from fire (left hand)
Wands
 d - a wand of enslavement (7)
 e - a wand of random effects (2)
Scrolls
 i - 6 scrolls of identify {unknown}
 j - 2 scrolls of magic mapping
 o - a scroll of random uselessness {unknown}
 q - a scroll of noise {unknown}
 t - a scroll of remove curse {unknown}
 x - 2 scrolls of enchant armour {unknown}
Potions
 g - a potion of cancellation
 h - a potion of might {unknown}
 s - 2 potions of curing {unknown}
Comestibles
 c - 6 chunks of flesh
 f - 8 rations


   Skills:
 + Level 2.0 Fighting
 + Level 2.4 Short Blades
 + Level 0.7(1.6) Long Blades
 + Level 2.7 Armour
 + Level 3.1(3.0) Dodging
 + Level 2.1 Stealth
 + Level 4.4 Evocations


You had 4 spell levels left.
You knew the following spells:

 Your Spells              Type           Power        Failure   Level  Hunger
a - Beastly Appendage     Tmut           #.....       50%         1    ##.....

Your spell library contained the following spells:

 Spells                   Type           Power        Failure   Level  Hunger
 Animate Skeleton         Necr           N/A          50%         1    ##.....
 Apportation              Tloc           #.....       50%         1    ##.....
 Confusing Touch          Hex            #.....       50%         1    ##.....
 Summon Small Mammal      Summ           #...         50%         1    ##.....
 Sticks to Snakes         Tmut           #.......     63%         2    ###....
 Spider Form              Tmut/Pois      #.........   86%         3    ####...
 Ice Form                 Ice/Tmut       #.......     99%         4    #####..
 Blade Hands              Tmut           #.........   100%        5    ######.


Dungeon Overview and Level Annotations

Branches:
Dungeon (4/15)
 Temple: D:4-7

Altars:
Kikubaaqudgha
Zin


Innate Abilities, Weirdness & Mutations

Your magical capacity is low. (-10% MP)
You are resistant to hostile enchantments. (MR+)
You do not regenerate when monsters are visible.


Message History

You closely miss something.
You feel less invigorated.
You feel less confused.
* * * LOW HITPOINT WARNING * * *
You feel sick. Something bites you.
* * * LOW HITPOINT WARNING * * *
Something bites you.
* * * LOW HITPOINT WARNING * * *
Your unstable footing causes you to fumble your attack.
* * * LOW HITPOINT WARNING * * *
You feel sick. Something bites you but does no damage.
You miss something.
* * * LOW HITPOINT WARNING * * *
You feel sick.
An adder appears from thin air!
Reactivating autopickup.
The adder completely misses you. The adder bites you but does no damage.
* * * LOW HITPOINT WARNING * * *
You feel sick. The adder bites you but does no damage.
The jackal splashes around in the water.
The adder barely misses you.
You die...

##.≈.∩∩≈P...##
#≈.≈.≈≈.≈P###
#..P#######
#..P≈≈≈≈≈≈≈
#PP÷######
#≈.≈≈≈##
##...≈≈###
##≈≈≈≈h.###
#.≈.@≈S≈≈.#
#≈.≈.#≈#...≈#
#P≈..≈#≈#..≈..≈≈
#.P.≈≈#≈#.≈.....
#.P..≈#≈#..PPP≈≈
##....#≈#.≈#≈#..
#≈#########≈#≈.
.. #


You could see an adder and a jackal.

Vanquished Creatures
  An ogre (D:3)
  A bullfrog (D:3)
  A bullfrog skeleton (D:4)
  2 iguanas (D:4)
  A worker ant (D:4)
  2 adders (D:2)
  An ooze (D:2)
  4 worms
  2 dart slugs (D:1)
  3 leopard geckos
  2 orcs (D:3)
  5 bats
  4 giant cockroaches
  7 goblins
  3 hobgoblins
  5 jackals (Sewer)
  6 kobolds
  4 quokkas
  3 ball pythons
  5 frilled lizards
  12 rats
74 creatures vanquished.

Vanquished Creatures (collateral kills)
  An ooze (D:3)
  A worm (D:3)
  A dart slug (D:3)
  A giant cockroach (D:2)
  A goblin (D:1)
  A hobgoblin (D:3)
  A bat (D:3)
  A frilled lizard (D:2)
8 creatures vanquished.

Vanquished Creatures (others)
  A plant (Sewer)
1 creature vanquished.

Grand Total: 83 creatures vanquished

Notes
Turn   | Place    | Note
-------+----------+-------------------------------------------
     0 | D:1      | H0rd4k the Human Artificer began the quest for the Orb.
     0 | D:1      | Reached XP level 1. HP: 15/15 MP: 3/3
   110 | D:1      | Reached XP level 2. HP: 21/21 MP: 4/4
   491 | D:1      | Reached XP level 3. HP: 16/26 MP: 5/5
  1064 | D:2      | HP: 1/26 [leopard gecko (5)]
  1067 | D:2      | Reached XP level 4. HP: 1/32 MP: 6/6
  1550 | D:2      | Reached skill level 1 in Armour
  2196 | D:3      | Noticed an ogre
  2276 | D:3      | Learned a level 1 spell: Beastly Appendage
  2711 | D:3      | Found a glowing silver altar of Zin.
  2726 | D:3      | Noticed a bullfrog
  2739 | D:3      | Reached XP level 5. HP: 24/37 MP: 7/7
  2782 | D:3      | Killed a bullfrog
  2782 | D:3      | Reached skill level 4 in Evocations
  2870 | D:3      | Killed an ogre
  2870 | D:3      | Reached XP level 6. HP: 5/44 MP: 9/9
  3363 | D:4      | Found an ancient bone altar of Kikubaaqudgha.
  3764 | D:4      | Found a glowing drain.
  3803 | D:4      | Gained mutation: You do not regenerate when monsters are
                  | visible. [potion of mutation]
  3803 | D:4      | Gained mutation: Your magical capacity is low. (-10% MP)
                  | [potion of mutation]
  3803 | D:4      | Gained mutation: You are resistant to hostile enchantments.
                  | (MR+) [potion of mutation]
  3836 | Sewer    | Entered a sewer
  3974 | Sewer    | HP: 2/44 [poisoned by an adder]
  3976 | Sewer    | Succumbed to an adder's poison

Skill      XL: |  1  2  3  4  5  6 |
---------------+-------------------+-----
Armour         | 1 2 |  2.7
Evocations     | 4 |  4.4
Short Blades   | 2 |  2.4
Dodging        | 3 |  3.1
Fighting       | 2 |  2.0
Stealth        | 2 |  2.1
Long Blades    | |  0.7

Action                   |  1- 3 |  4- 6 || total
-------------------------+-------+-------++-------
Melee: Short sword       |   144 |   123 ||   267
       Falchion          |       |   146 ||   146
Evoke: Wand              |     2 |    34 ||    36
  Use: Scroll            |       |     3 ||     3
       Potion            |       |     8 ||     8
 Stab: Sleeping          |     4 |       ||     4
       Paralysed         |       |    15 ||    15
  Eat: Chunk             |       |    10 ||    10
Armor: Leather armour    |    36 |    48 ||    84
Dodge: Dodged            |   114 |   153 ||   267
       Rpst.: Falchion   |       |    13 ||    13
